← All builds
Beach sea / Legion / Economy first / OBSERVED BUILD

Standard beach sea

Builds a shipyard early, gets a Syracusia out fast to contest or scout enemy sea entry, then expands into an Advanced Metal Extractor and more navy over the first 15 minutes.

Usually shipyard first (76%)

#naval #eco · 21 distinct matches · 14 players · 78% of Legion Beach sea games · team won 24% of 21 · Recently observed

HOW TO PLAY IT

Key timing: First Syracusia by 4:42

  1. Take 3 mex, then send the commander to build the shipyard.
  2. Get the shipyard up fast to start early sea presence.
  3. Add tidal generators for the energy to sustain frigate output.
  4. Push the first Syracusia out to contest or scout the sea.
  5. Bring advanced mex online to catch up economy for the late game.

Phase by phase

TYPICAL OF ITS 21 GAMES
  1. 1
  2. 2
  3. 3
PLAY THE OPENING

Follow the example game's first 6:00 step by step: what to build now, what comes next, and where it goes. At 1× it keeps pace with your own game.

  1. 1

    Up to the Shipyard

    Economy
    • Metal Extractor3Mex
    • Wind Turbine4Wind
    • Energy Storage1Energy storage
    Order
    1. ShipyardShipyard after 3 mex, 4 wind, 1 energy storagedone ~2:04, middle half 1:42–2:26

    Some games also: wind for allies (48%)

    By 1:48 in all: 3 mex · 4 wind · 1 energy storage

    The example game in this phase · 145 steps
    1. Mex ×3
    2. Wind
    3. Windfor Air
    4. PharosPharos
    5. Hovercraft PlatformHovercraft Platformdone 1:28
    6. PharosPharos
    7. Windfor Air
    8. Construction HovercraftCon hovercraft
    9. Wind
    10. GlaucusGlaucus
    11. Wind
    12. GlaucusGlaucus
    13. Wind ×2
    14. GlaucusGlaucus
    15. Wind
    16. GlaucusGlaucus
    17. Wind ×2
    18. GlaucusGlaucus
    19. Mex
    20. Construction HovercraftCon hovercraft ×3
    21. ShipyardShipyarddone 4:27
    22. Mex ×2
    23. SkaterSkater ×2
    24. Mex
    25. EelSubmarinedone 4:56
    26. Mex
    27. DolphinDolphin
    28. Mex
    29. DolphinDolphin
    30. Naval Radar / Sonar TowerNaval Radar / Sonar Tower
    31. DolphinDolphin ×2
    32. Mex
    33. CorsairDestroyerdone 6:52
    34. Naval Radar / Sonar TowerNaval Radar / Sonar Tower ×2
    35. Overcharged Metal Extractor ×2
    36. SkaterSkater
    37. SthenoStheno
    38. CorsairDestroyer
    39. Grim ReaperGrim Reaper
    40. Mex
    41. Overcharged Metal Extractor
    42. ZagreusZagreus
    43. SthenoStheno
    44. Grim ReaperGrim Reaper
    45. Con turret
    46. Mex
    47. CorsairDestroyer
    48. ZagreusZagreus
    49. Overcharged Metal Extractor
    50. Advanced Metal ExtractorT2 mexdone 9:35 · typical 9:35
    51. ZagreusZagreus
    52. SkaterSkater
    53. Overcharged Metal Extractor
    54. Con turret
    55. PharosPharos
    56. Grim ReaperGrim Reaper
    57. Overcharged Metal Extractor
    58. Mex
    59. CorsairDestroyer
    60. Advanced Metal ExtractorT2 mex ×2
    61. PharosPharos
    62. Overcharged Metal Extractor
    63. Wind
    64. CorsairDestroyer
    65. PharosPharos
    66. Overcharged Metal Extractor
    67. PharosPharos ×2
    68. Overcharged Metal Extractor
    69. Advanced Metal ExtractorT2 mex
    70. PharosPharos
    71. Wind
    72. SkaterSkater
    73. Grim ReaperGrim Reaper
    74. Overcharged Metal Extractor
    75. PharosPharos
    76. Wind
    77. PharosPharos
    78. CorsairDestroyer
    79. Advanced Metal ExtractorT2 mex
    80. Wind
    81. PharosPharos
    82. BrambleBramble
    83. Dragon's TeethDragon's Teeth ×3
    84. Wind
    85. Dragon's TeethDragon's Teeth
    86. Advanced Metal ExtractorT2 mex
    87. Dragon's TeethDragon's Teeth
    88. CorsairDestroyer
    89. Dragon's TeethDragon's Teeth
    90. Wind
    91. Dragon's TeethDragon's Teeth ×2
    92. Radar TowerRadar Tower
    93. Dragon's TeethDragon's Teeth ×9
    94. Naval Construction Turret
    95. Dragon's TeethDragon's Teeth
    96. Wind
    97. Dragon's TeethDragon's Teeth ×4
    98. SkaterSkater
    99. Dragon's TeethDragon's Teeth ×4
    100. Grim ReaperGrim Reaper
    101. Dragon's TeethDragon's Teeth ×2
    102. Wind
    103. Dragon's TeethDragon's Teeth ×5
    104. Tidal
    105. Wind
    106. Dragon's TeethDragon's Teeth ×2
    107. CorsairDestroyer
    108. Tidal
    109. Dragon's TeethDragon's Teeth
    110. Advanced Metal ExtractorT2 mex
    111. Naval Construction Turret
    112. Mex
    113. Dragon's TeethDragon's Teeth
    114. Naval Construction Turret
    115. Dragon's TeethDragon's Teeth
    116. Wind
    117. Naval Construction Turret
    118. Dragon's TeethDragon's Teeth ×2
    119. Wind
    120. Dragon's TeethDragon's Teeth
    121. Wind ×2
    122. Advanced Metal ExtractorT2 mex
    123. CorsairDestroyer
    124. Naval Construction Turret
    125. Wind
    126. Tidal
    127. Wind
    128. SthenoStheno
    129. Tidal
    130. SkaterSkater
    131. Wind
    132. Tidal
    133. Grim ReaperGrim Reaper
    134. Tidal
    135. Wind
    136. Advanced ShipyardAdvanced Shipyarddone 13:31
    137. CorsairDestroyer
    138. Wind ×2
    139. SthenoStheno
    140. Wind
    141. Mex
    142. DolusDolusdone 13:49
    143. Advanced Metal ExtractorT2 mex
    144. Wind
    145. ShipyardShipyarddone 13:54 · typical 2:04
  2. 2

    Shipyard to 5:00

    Economy
    • Metal Extractor4Mex
    • Tidal Generator2Tidal
    Builders
    • Construction Ship2 Con ship
    Army
    • Iapetus1 Iapetus
    • Syracusia1 Syracusia
    • Legion Drone1 Legion Drone
    • Argonaut1 Argonaut

    Some games also: Naval Radar / Sonar Tower (48%) · Hippocampus (43%) · con turret (33%)

    By 5:00 in all: 8 mex · 5 wind · 2 tidal · 1 energy storage

  3. 3

    5:00 to 10:00

    Economy
    • Metal Extractor1Mex
    Builders
    • Dionysus1 Dionysus
    Army
    • Pharos1 Pharos
    • Legion Drone8 Legion Drone
    • Syracusia3 Syracusia
    • Argonaut1 Argonaut
    Other
    • Naval Radar / Sonar Tower1 Naval Radar / Sonar Tower

    Some games also: Iapetus (48%) · tidal (48%) · wind (43%) · con ship (43%) · Stheno (43%)

    By 10:00 in all: 9 mex · 5 wind · 4 tidal · 1 energy storage

    The example game in this phase · 27 steps
    1. Wind
    2. Mex
    3. Advanced Construction SubmarineAdvanced Construction Submarine
    4. SthenoStheno
    5. Wind
    6. Tidal
    7. CorsairDestroyer
    8. ThalassaThalassadone 14:40
    9. Wind
    10. Tidal
    11. Wind
    12. Advanced Metal ExtractorT2 mex
    13. Wind
    14. Tidal
    15. Wind
    16. Tidal
    17. Wind
    18. Naval Radar / Sonar TowerNaval Radar / Sonar Tower
    19. Advanced Underwater Metal ExtractorAdvanced Underwater Metal Extractornot finished by 15:00
    20. Wind
    21. Tidal ×2
    22. Advanced Metal ExtractorT2 mex
    23. Wind
    24. Tidal
    25. ScyllaScyllanot finished by 15:00
    26. Tidal
    27. Wind

Counts are medians over the build's games: half of them build more, half fewer. The example game is KingBenjai's (42 OS, 23/08/2026); pick another.

Team trades

IN AT LEAST 30% OF ITS GAMES

You hand over

  • Wind Turbine3 Wind to Airfirst at 1:49 · in 57% of games

You get

  • Hippotes1 Hippotes from Airfirst at 2:08 · in 33% of games
  • Construction Bot1 Con bot from Geofirst at 2:22 · in 52% of games
  • Lazarus1 Lazarus from Geofirst at 2:22 · in 43% of games
  • Advanced Construction Bot1 T2 con bot from Tech or Geofirst at 7:50 · in 76% of games

How it plays out

Typical game of this build, running totals by minute

Metal produced

010k20k30k
0:005:0010:0015:00

metal

Enemy metal destroyed

02.5k5k7.5k
0:005:0010:0015:00

metal

Own metal lost

02k4k6k
0:005:0010:0015:00

metal

21 games.

Show as table
ByMetal produced: This buildEnemy metal destroyed: This buildOwn metal lost: This build
1:0039800
2:0093500
3:00153100
4:002549030
5:0037535050
6:005011380120
7:0064571050280
8:0080321416650
9:0094481654730
10:001126829531010
11:001296240941616
12:001583242731626
13:001858449803245
14:002045058283401
15:002303264414707
WHAT THE NUMBERS SAY

Standard beach sea has by far the lowest team win rate of the six builds despite comparable early frigate timing, suggesting the natural resource disadvantage described for this role bites hard.

  • + First Syracusia at 4:42, faster than geo sea's 5:18 equivalent.
  • + Metal produced by 5:00 reaches 3704, close to other sea roles.
  • − Team win rate is only 21%, far below every other standard build shown.
  • − T2 factory completes in just 21% of games, the lowest tech follow-through listed.
THE EXAMPLE YOU ARE READING

KingBenjai

42.0 OS · 23/08/2026

Open source match ↗

36 received units · includes a constructor
847 metal received · 55646 energy received

Allied construction assistance is unknown. Timings are observations, not a promise of solo reproducibility.

Typical milestones

Shipyard2:04Middle 50%: 1:42–2:26 · n=21
Syracusia4:41Middle 50%: 3:58–5:46 · n=19
Advanced Metal Extractor9:35Middle 50%: 9:02–9:46 · n=15

Played most by

Rysica5games of this buildEpicTyrannus3games of this buildEXZoPrimer32games of this build[Crd]TheKingOfAll1game of this buildCommandoMan1game of this build